 Dungeon Crawl Stone Soup version 0.28.0-1-gb440e238dd (webtiles) character file.

Game seed: 2748973195087033559

1521 pkoi the Destroyer (level 8, -3/57 HPs)
             Began as a Purple Draconian Conjurer on Feb 24, 2022.
             Was an Initiate of Sif Muna.
             Slain by a vampire mosquito (6 damage)
             ... on level 6 of the Dungeon.
             The game lasted 00:06:32 (7425 turns).

pkoi the Destroyer (Purple Draconian Conjurer)      Turns: 7425, Time: 00:06:33

Health: -3/57      AC:  7    Str:  9 (10) XL:     8   Next: 54%
Magic:  1/12       EV: 12    Int: 18 (20) God:    Sif Muna [......]
Gold:   248        SH:  5    Dex: 15 (16) Spells: 6/13 levels left

rFire   . . .      SeeInvis .   b - +4 hunting sling (flame)
rCold   . . .      Faith    .   (no shield)
rNeg    + . .      Spirit   .   (armour unavailable)
rPois   .          Reflect  +   (helmet restricted)
rElec   .          Harm     .   r - +0 cloak
rCorr   .          Rampage  .   (no gloves)
Will    +....                   (no boots)
Stlth   ++........              e - amulet of reflection
HPRegen 0.19/turn               f - +6 ring of dexterity
MPRegen 0.13/turn               i - ring of positive energy

@: mighty, short of breath
A: breathe power, AC +6, unfitting armour, cold-blooded
a: Breathe Dispelling Energy, Renounce Religion


You were on level 6 of the Dungeon.
You worshipped Sif Muna.
Sif Muna was noncommittal.
You visited 2 branches of the dungeon, and saw 7 of its levels.

You collected 248 gold pieces.

Inventory:

Hand Weapons
 b - a +4 hunting sling of flaming (weapon)
 d - a +0 dagger
Missiles
 g - 153 stones (quivered ammo)
 p - a throwing net
Armour
 r - a +0 cloak (worn)
Jewellery
 e - an amulet of reflection (around neck)
 f - a +6 ring of dexterity (left hand)
 i - a ring of positive energy (right hand)
 l - a ring of resist corrosion
 u - a ring of wizardry
Scrolls
 a - 8 scrolls of identify {unknown}
 h - 3 scrolls of enchant weapon {unknown}
 t - a scroll of enchant armour {unknown}
 w - a scroll of vulnerability {unknown}
Potions
 j - 2 potions of might
 k - a potion of invisibility {unknown}
 m - a potion of berserk rage {unknown}
 n - 2 potions of haste {unknown}
 o - a potion of ambrosia {unknown}
 q - 2 potions of lignification {unknown}
 s - a potion of heal wounds {unknown}
 v - a potion of mutation {unknown}


   Skills:
 - Level 1.7 Dodging
 - Level 1.7 Stealth
 - Level 3.0 Spellcasting
 + Level 8.6 Conjurations
 + Level 5.9 Translocations
 + Level 4.5 Invocations


You had 6 spell levels left.
You knew the following spells:

 Your Spells              Type           Power      Damage    Failure   Level
a - Magic Dart            Conj           100%       1d8       1%          1
b - Searing Ray           Conj           66%        2d6       1%          2
c - Iskenderun's Mystic   Conj/Tloc      28%        2d7       9%          4

Your spell library contained the following spells:

 Spells                   Type           Power      Damage    Failure   Level
 Dazzling Flash           Conj/Hex       36%        N/A       9%          3
 Sublimation of Blood     Necr           2%         N/A       24%         2
 Fulminant Prism          Conj/Hex       9%         3d7       28%         4
 Irradiate                Conj/Tmut      9%         3d17      61%         5
 Petrify                  Tmut/Erth      2%         N/A       85%         4


Dungeon Overview and Level Annotations

Branches:
Dungeon (6/15)             Temple (1/1) D:5

Altars:
Ashenzari
Cheibriados
Gozag
Kikubaaqudgha
Okawaru
Ru
Sif Muna
Trog
Uskayaw
Xom
Yredelemnul
The Shining One

Shops:
D:5 :


Innate Abilities, Weirdness & Mutations

You can breathe bolts of dispelling energy.
Your rich purple scales are hard. (AC +6)
You cannot fit into any form of body armour.
You are cold-blooded and may be slowed by cold attacks.


Message History

The searing ray hits the vampire mosquito!
The vampire mosquito is heavily damaged.
The searing ray misses the vampire mosquito. (Press . to maintain the ray.)
You block the vampire mosquito's attack.
The searing ray hits the vampire mosquito.
The vampire mosquito is severely damaged.
The searing ray hits the vampire mosquito!
The vampire mosquito is heavily damaged.
The vampire mosquito completely misses you.
You block the vampire mosquito's attack.
Without enough magic to sustain it, your searing ray dissipates.
The vampire mosquito bites you!
* * * LOW HITPOINT WARNING * * *
The vampire mosquito draws strength from your injuries!
The vampire mosquito bites you.
* * * LOW HITPOINT WARNING * * *
The vampire mosquito draws strength from your injuries!
Unknown command.
Aiming: Breathe Dispelling Energy (4% risk of failure)
Press: ? - help, Shift-Dir - straight line, f - vampire mosquito
Aim: a vampire mosquito (heavily damaged, 31% to hit)
You breathe a bolt of dispelling energy.
The bolt of dispelling energy misses the vampire mosquito. x2
The vampire mosquito bites you.
* * * LOW HITPOINT WARNING * * *
The vampire mosquito bites you.
* * * LOW HITPOINT WARNING * * *
The vampire mosquito draws strength from your injuries!
It was a potion of degeneration.
There was something very wrong with that liquid.
You feel weakened.
You feel dopey.
You feel clumsy. The vampire mosquito bites you!
* * * LOW HITPOINT WARNING * * *
The vampire mosquito draws strength from your injuries!
The vampire mosquito bites you but does no damage.
It was a potion of might.
You feel very mighty all of a sudden. The vampire mosquito barely misses you.
The vampire mosquito bites you.
You die...

## (# ##
.###.#
...#.
#.#.#
#y#.#
#y#.# #
#@#.##.#
#......#
###.####
#.# ######
#.#
##.#.##
###.#
....#.##
#...#
##.###.###
#.### ..##
##..# #.#


You could see 2 vampire mosquitoes.

Vanquished Creatures
  2 vampire mosquitoes (D:6)
  Menkaure (D:5)
  A water moccasin (D:6)
  A necrophage (D:5)
  An ogre (D:5)
  A phantom (D:3)
  A water moccasin zombie (D:5)
  3 scorpions
  A howler monkey (D:5)
  A gnoll shaman (D:6)
  2 hounds
  A bullfrog skeleton (D:5)
  Jessica (D:2)
  An iguana (D:4)
  2 orc wizards
  2 scorpion zombies (D:5)
  Natasha (D:2)
  A hound skeleton (D:4)
  4 adders
  10 gnolls
  A shadow imp (D:6)
  An ufetubus (D:4)
  2 adder skeletons
  3 dart slugs
  8 orcs
  4 endoplasms
  3 giant cockroaches
  7 goblins
  2 hobgoblins
  7 jackals
  7 quokkas
  6 ball pythons
  7 bats
  2 frilled lizards (D:1)
  7 kobolds
  3 rats
  4 toadstools (D:1)
112 creatures vanquished.

Notes
Turn   | Place    | Note
-------+----------+-------------------------------------------
     0 | D:1      | pkoi the Draconian Conjurer began the quest for the Orb.
     0 | D:1      | Reached XP level 1. HP: 14/14 MP: 3/3
   807 | D:1      | Reached XP level 2. HP: 20/20 MP: 3/5
  1593 | D:2      | Reached skill level 5 in Conjurations
  1593 | D:2      | Reached XP level 3. HP: 26/26 MP: 1/6
  2256 | D:2      | Noticed Jessica
  2261 | D:2      | Killed Jessica
  2262 | D:2      | Reached XP level 4. HP: 33/33 MP: 1/7
  2620 | D:2      | Learned a level 2 spell: Searing Ray
  2625 | D:2      | Learned a level 4 spell: Iskenderun's Mystic Blast
  2850 | D:2      | Found a faded altar of an unknown god.
  2851 | D:2      | Noticed Natasha
  2855 | D:2      | Killed Natasha
  2856 | D:2      | Reached skill level 6 in Conjurations
  2856 | D:2      | Reached skill level 1 in Translocations
  2964 | D:3      | Noticed a phantom
  2973 | D:3      | Killed a phantom
  2974 | D:3      | Reached XP level 5. HP: 29/38 MP: 8/8
  3532 | D:3      | Found a sacrificial altar of Ru.
  3815 | D:4      | Reached XP level 6. HP: 27/45 MP: 5/9
  4111 | D:4      | Reached skill level 7 in Conjurations
  4579 | D:4      | Found a shimmering blue altar of Sif Muna.
  4592 | D:4      | Became a worshipper of Sif Muna the Loreminder
  4956 | D:4      | Your scales start taking on a rich purple colour.
  4956 | D:4      | Reached XP level 7. HP: 50/50 MP: 10/10
  5105 | D:5      | Entered Level 5 of the Dungeon
  5127 | D:5      | Found a staircase to the Ecumenical Temple.
  5153 | Temple   | Entered the Ecumenical Temple
  5266 | D:5      | Reached skill level 1 in Invocations
  5432 | D:5      | Found Vytip's Book Emporium.
  6149 | D:5      | Noticed Menkaure
  6156 | D:5      | Killed Menkaure
  6157 | D:5      | Reached skill level 8 in Conjurations
  6157 | D:5      | Reached skill level 5 in Translocations
  6157 | D:5      | Reached XP level 8. HP: 13/57 MP: 3/12
  7425 | D:6      | Slain by a vampire mosquito

Illustrated notes

Levels and vault maps discovered:
D:1:      ldierk_water_garden, layout_basic
D:2:      layout_basic, shapermc_ecumenical_altar_mp_highgroup,
          hangedman_decor_growths, uniq_jessica, uniq_natasha
D:3:      layout_basic, nicolae_ru_path_of_blood, kennysheep_path_1
D:4:      layout_rooms, kennysheep_orc_sif_temple,
          nicolae_concentric_dashed_squares_mild
D:5:      layout_loops_ring, minmay_temple_entry_ruins, serial_shops,
          nicolae_shop_crystal, grunt_ministairs_13, st_stairs_9, uniq_menkaure
D:6:      layout_loops_cross, nicolae_overflow_hallway_of_the_gods,
          mainiacjoe_overflow_alcove_4
Temple:   zaba_magenta_temple

Skill      XL: |  1  2  3  4  5  6  7  8 |
---------------+-------------------------+-----
Conjurations   | 5 6 7 8 |  8.6
Translocations | 2 3 4 5 |  5.9
Invocations    | 3 4 |  4.5
Spellcasting   | 3 |  3.0
Dodging        | |  1.7
Stealth        | |  1.7

Action                   |  1- 3 |  4- 6 |  7- 9 || total
-------------------------+-------+-------+-------++-------
Melee: Unarmed           |    30 |       |       ||    30
       Tailslap          |     6 |       |       ||     6
       Punch             |     3 |       |       ||     3
       Dagger            |    22 |       |       ||    22
 Fire: Hunting sling     |       |   136 |    69 ||   205
 Cast: Magic Dart        |    66 |       |       ||    66
       Searing Ray       |       |     7 |    10 ||    17
 Abil: Breathe Dispellin |       |       |     1 ||     1
  Use: Potion            |       |       |     2 ||     2
Armor: Skin              |    11 |    13 |    22 ||    46
Dodge: Dodged            |    27 |    19 |    38 ||    84
Block: Other             |     4 |    10 |    10 ||    24
       Reflection        |       |     3 |       ||     3
